[Event "Turkish Club Cup 2019"]
[Site "Konya"]
[Date "2019.07.20"]
[Round "7"]
[White "Ersahin, Bulent"]
[Black "Esen, Nejdet"]
[Result "1-0"]
[ECO "E62"]
[WhiteElo "2179"]
[BlackElo "1918"]
[Annotator "NA"]
[PlyCount "83"]
[EventDate "2019.07.16"]
[EventType "team-tourn"]
[EventCountry "TUR"]
[SourceTitle "playchess.com"]
[Source "ChessBase"]
[SourceQuality "1"]
[TimeControl "5400+30"]

1. Nf3 Nf6 2. g3 g6 3. Bg2 Bg7 4. O-O O-O 5. c4 d6 6. d4 c6 7. Nc3 Qa5 8. d5 cxd5 9. cxd5 Bd7 10. a3 Na6 11. Be3 Rfc8 12. h3 Qd8 13. Nd4 Be8 14. Ndb5 Nc5 15. Rc1 a5 16. b4 axb4 17. axb4 Na4 18. Nxa4 Rxc1 19. Bxc1 Bxb5 20. Nc3 Bc4 21. Be3 b5 22. Qd2 Ra3 23. Bd4 Qa8 24. Rd1 Rb3 25. e4 Qa3 26. e5 dxe5 27. Bxe5 Ne4 28. Nxe4 Bxe5 29. Qg5 f6 30. Qg4 Rd3 31. Qe6+ Kf8 32. Rxd3 Bxd3 33. d6 exd6 34. Nxd6 Bc4 35. Qe8+ Kg7 36. Qe7+ Kg8 37. Qd8+ Kg7 38. Qd7+ Kh6 39. Ne8 Qc1+ 40. Kh2 f5 41. Qe7 Qc3 42. Qh4# 1-0

[Event "Turkish Club Cup 2019"]
[Site "Konya"]
[Date "2019.07.20"]
[Round "7"]
[White "Guven, Oguz Kagan"]
[Black "Sahinoglu, Hakan"]
[Result "1-0"]
[ECO "A13"]
[WhiteElo "2142"]
[BlackElo "1844"]
[Annotator "ChessBase"]
[PlyCount "117"]
[EventDate "2019.07.16"]
[EventType "team-tourn"]
[EventCountry "TUR"]
[SourceTitle "playchess.com"]
[Source "ChessBase"]
[SourceQuality "1"]
[TimeControl "5400+30"]

1. Nf3 d5 2. g3 Nf6 3. Bg2 e6 4. O-O Bd6 5. c4 c6 6. b3 O-O 7. Bb2 Nbd7 8. Nc3 Re8 9. d3 Qe7 10. a3 a5 11. e4 dxe4 12. dxe4 e5 13. Qc2 Nc5 14. h3 Be6 15. Nh4 g6 16. Rfe1 a4 17. Nxa4 Nxa4 18. bxa4 Bc5 19. Bxe5 Bxc4 20. Bb2 b5 21. axb5 cxb5 22. e5 Nd5 23. e6 Rac8 24. Rad1 fxe6 25. Rxd5 Bxd5 26. Bxd5 Qd6 27. Bg2 Qxg3 28. Qxc5 Qxg2+ 29. Kxg2 Rxc5 30. Nf3 Kf7 31. Re3 g5 32. Ne5+ Ke7 33. Rf3 Kd6 34. Nf7+ Kd5 35. Nxg5 Rg8 36. Rg3 h6 37. Nf3 Rxg3+ 38. Kxg3 Rc2 39. Bg7 h5 40. Ng5 e5 41. f3 Rc8 42. Bf6 Rc7 43. Ne4 Ke6 44. Bg5 Ra7 45. Bc1 Rc7 46. Bd2 Ra7 47. Bb4 Kf5 48. Nd6+ Kg5 49. h4+ Kf6 50. Nxb5 Rd7 51. Nc3 Rd4 52. Ne4+ Kf5 53. Bc5 Ra4 54. Bb4 Ra8 55. Kf2 Kf4 56. Nd6 e4 57. Nxe4 Rc8 58. Bd2+ Kf5 59. Nd6+ 1-0

[Event "Turkish Club Cup 2019"]
[Site "Konya"]
[Date "2019.07.20"]
[Round "7"]
[White "Gulden, Egemen"]
[Black "Koc, Bugra Ege"]
[Result "1-0"]
[ECO "B18"]
[WhiteElo "2135"]
[BlackElo "1493"]
[Annotator "ChessBase"]
[PlyCount "96"]
[EventDate "2019.07.16"]
[EventType "team-tourn"]
[EventCountry "TUR"]
[SourceTitle "playchess.com"]
[Source "ChessBase"]
[SourceQuality "1"]
[TimeControl "5400+30"]

1. e4 d5 2. Nc3 c6 3. d4 dxe4 4. Nxe4 Bf5 5. Ng3 Bg6 6. Nf3 Nd7 7. Bc4 e6 8. O-O Ngf6 9. Qe2 Be7 10. Ne5 Nxe5 11. dxe5 Nd5 12. a3 Qc7 13. Ba2 O-O 14. c4 Nb6 15. f4 Rfe8 16. Bb1 Bxb1 17. Rxb1 Rad8 18. Be3 Nd7 19. Ne4 b6 20. b4 c5 21. b5 Nf8 22. Bd2 Ng6 23. Bc3 Nh4 24. g4 Qb7 25. Rb3 a6 26. a4 axb5 27. axb5 h5 28. h3 hxg4 29. hxg4 Qa8 30. Be1 Rd4 31. Re3 Qa4 32. Bc3 Qxc4 33. Bxd4 Qxd4 34. Rd1 Qa4 35. Nd6 Ra8 36. Re4 Qb3 37. Qd3 Qb2 38. Re2 Qb4 39. Qe4 Qa3 40. Rd3 Qa1+ 41. Re1 Qa2 42. Qe2 Qa4 43. Rf1 Qb4 44. Qe4 Qa5 45. Qc4 g6 46. f5 gxf5 47. gxf5 Kh7 48. Rg3 Rg8 1-0

[Event "Turkish Club Cup 2019"]
[Site "Konya"]
[Date "2019.07.20"]
[Round "7"]
[White "Cetinkaya, Vedat Ali"]
[Black "Ererdem, Gani Eren"]
[Result "0-1"]
[ECO "E55"]
[WhiteElo "2074"]
[BlackElo "2140"]
[Annotator "NA"]
[PlyCount "76"]
[EventDate "2019.07.16"]
[EventType "team-tourn"]
[EventCountry "TUR"]
[SourceTitle "playchess.com"]
[Source "ChessBase"]
[SourceQuality "1"]
[TimeControl "5400+30"]

1. d4 Nf6 2. c4 e6 3. Nc3 Bb4 4. e3 O-O 5. Bd3 d5 6. Nf3 dxc4 7. Bxc4 c5 8. O-O Nbd7 9. Qe2 a6 10. a3 Ba5 11. Bd2 b5 12. Ba2 cxd4 13. exd4 Bb7 14. Rfd1 Rc8 15. Ne5 Bxc3 16. bxc3 Nxe5 17. dxe5 Ne4 18. Rac1 Nxd2 19. Rxd2 Qg5 20. g3 Rc5 21. f4 Qe7 22. Rd6 Ba8 23. Kf2 Qb7 24. Ke1 Rfc8 25. Kd2 g6 26. g4 Qc7 27. Qd3 Qb7 28. Qe2 a5 29. f5 b4 30. fxe6 bxc3+ 31. Kd1 Qh1+ 32. Qe1 Bf3+ 33. Kc2 Be4+ 34. Kd1 c2+ 35. Kd2 Qxh2+ 36. Qe2 Qxe5 37. exf7+ Kf8 38. Rd3 Rc3 0-1

[Event "Turkish Club Cup 2019"]
[Site "Konya"]
[Date "2019.07.20"]
[Round "7"]
[White "Mecit, Emre"]
[Black "Ozdover, Mustafa Berkay"]
[Result "1/2-1/2"]
[ECO "A08"]
[WhiteElo "2065"]
[BlackElo "2130"]
[Annotator "ChessBase"]
[PlyCount "109"]
[EventDate "2019.07.16"]
[EventType "team-tourn"]
[EventCountry "TUR"]
[SourceTitle "playchess.com"]
[Source "ChessBase"]
[SourceQuality "1"]
[TimeControl "5400+30"]

1. e4 e6 2. d3 d5 3. Nd2 c5 4. Ngf3 Nc6 5. g3 g6 6. Bg2 Bg7 7. O-O Nge7 8. Re1 O-O 9. Nf1 b5 10. e5 Rb8 11. h4 Nf5 12. N1h2 f6 13. Ng4 fxe5 14. Ngxe5 Nxe5 15. Nxe5 Rb7 16. c3 a5 17. Qe2 b4 18. h5 g5 19. Qg4 Bf6 20. h6 Nxh6 21. Qh5 Nf5 22. Ng4 bxc3 23. Nxf6+ Qxf6 24. Bxg5 Qd4 25. bxc3 Qxc3 26. Bf4 Qxd3 27. Rad1 Qc2 28. Rxd5 Rbf7 29. Rd2 Qc3 30. Rde2 Ng7 31. Qe5 Qxe5 32. Rxe5 Bb7 33. Rxc5 Bxg2 34. Kxg2 Ra8 35. Rec1 Nf5 36. Be5 h5 37. Rc6 Re7 38. Rh1 Kf7 39. Rxh5 Kg6 40. Rh1 a4 41. Rc4 Ra5 42. Bc3 Ra6 43. Rg4+ Kf7 44. Bb4 Re8 45. Rh7+ Kf6 46. Bc3+ e5 47. Rc4 Ke6 48. Rhc7 Nd6 49. R4c5 Nf7 50. R7c6+ Rxc6 51. Rxc6+ Kd5 52. Ra6 e4 53. Rxa4 e3 54. Rf4 Nd6 55. Bb4 1/2-1/2

[Event "Turkish Club Cup 2019"]
[Site "Konya"]
[Date "2019.07.20"]
[Round "7"]
[White "Kocyigit, Buse Naz"]
[Black "Kiziltas, Ece Su"]
[Result "0-1"]
[ECO "A40"]
[WhiteElo "2045"]
[BlackElo "1400"]
[Annotator "NA"]
[PlyCount "95"]
[EventDate "2019.07.16"]
[EventType "team-tourn"]
[EventCountry "TUR"]
[SourceTitle "playchess.com"]
[Source "ChessBase"]
[SourceQuality "1"]
[TimeControl "5400+30"]

1. d4 g6 2. Bg5 Bg7 3. Qd2 d6 4. Nc3 a6 5. O-O-O b5 6. e4 Nd7 7. h4 h6 8. Be3 Bb7 9. f3 c5 10. Nge2 c4 11. Nb1 a5 12. Ng3 Rc8 13. h5 g5 14. f4 gxf4 15. Bxf4 b4 16. c3 b3 17. axb3 cxb3 18. Bb5 Bc6 19. Bxc6 Rxc6 20. Nf5 Bf8 21. e5 d5 22. Rde1 e6 23. Nd6+ Bxd6 24. exd6 Qf6 25. Rhf1 Qg7 26. Be5 Ngf6 27. Rxf6 Nxf6 28. Qf2 Qg5+ 29. Qd2 Qf5 30. g4 Qxg4 31. Bxf6 Rg8 32. Qxh6 Qf5 33. Na3 Qf2 34. Qe3 Qxf6 35. h6 Rh8 36. Rh1 Rh7 37. Nb5 Kd7 38. Qd2 Rc8 39. Na7 Rg8 40. Qd3 Qf4+ 41. Kd1 Rxh6 42. Qb5+ Kxd6 43. Qc5+ Kd7 44. Qb5+ Ke7 45. Nc6+ Kf6 46. Rf1 Rh1 47. Rxh1 Qf3+ 48. Kd2 0-1

[Event "Turkish Club Cup 2019"]
[Site "Konya"]
[Date "2019.07.20"]
[Round "7"]
[White "Cingoz, Ozan"]
[Black "Mutlu, Bunyamin"]
[Result "1-0"]
[ECO "E60"]
[WhiteElo "2030"]
[BlackElo "1511"]
[Annotator "NA"]
[PlyCount "91"]
[EventDate "2019.07.16"]
[EventType "team-tourn"]
[EventCountry "TUR"]
[SourceTitle "playchess.com"]
[Source "ChessBase"]
[SourceQuality "1"]
[TimeControl "5400+30"]

1. Nf3 Nf6 2. g3 g6 3. Bg2 Bg7 4. O-O O-O 5. c4 d6 6. Nc3 c5 7. b3 Nc6 8. Bb2 a6 9. d4 Rb8 10. Qd2 b5 11. cxb5 axb5 12. Rfd1 c4 13. bxc4 bxc4 14. d5 Rxb2 15. Qxb2 Ne4 16. Rac1 Nxc3 17. Rxc3 Qa5 18. dxc6 Bxc3 19. Qc2 d5 20. e4 e6 21. Nd4 e5 22. Ne2 d4 23. Nxc3 Qxc3 24. Qxc3 dxc3 25. Rc1 Ba6 26. Bh3 f5 27. Rxc3 Kg7 28. exf5 gxf5 29. c7 Kg6 30. g4 f4 31. Bf1 Kg5 32. Bxc4 Bb7 33. Be6 f3 34. c8=Q Bxc8 35. Bxc8 Rd8 36. Rc1 Kf4 37. Bf5 Rd2 38. h3 Rxa2 39. Bxh7 Re2 40. Rc2 e4 41. Rc4 Re1+ 42. Kh2 Rf1 43. Rxe4+ Kg5 44. Kg3 Rh1 45. h4+ Kh6 46. Bf5 1-0

[Event "Turkish Club Cup 2019"]
[Site "Konya"]
[Date "2019.07.20"]
[Round "7"]
[White "Taskaya, Muhammed"]
[Black "Guder, Serkan"]
[Result "1-0"]
[ECO "B75"]
[WhiteElo "2011"]
[BlackElo "1872"]
[Annotator "NA"]
[PlyCount "107"]
[EventDate "2019.07.16"]
[EventType "team-tourn"]
[EventCountry "TUR"]
[SourceTitle "playchess.com"]
[Source "ChessBase"]
[SourceQuality "1"]
[TimeControl "5400+30"]

1. e4 c5 2. Nf3 g6 3. d4 cxd4 4. Nxd4 Bg7 5. Nc3 Nc6 6. Be3 d6 7. Qd2 Nf6 8. f3 Bd7 9. O-O-O a6 10. Nxc6 Bxc6 11. Bh6 Bxh6 12. Qxh6 Qa5 13. Bc4 b5 14. Bb3 b4 15. Ne2 Ba4 16. Bxa4+ Qxa4 17. Kb1 Rc8 18. Rd2 Rc5 19. g4 g5 20. h4 Rg8 21. h5 Ra5 22. Nc1 Qc6 23. Re1 Qc4 24. Nb3 Re5 25. Nd4 a5 26. Nf5 Kd7 27. Nxd6 exd6 28. Qxf6 Qe6 29. Qxe6+ Kxe6 30. Red1 Rd8 31. Rd5 f6 32. R1d4 h6 33. Kc1 Ke7 34. Kd2 Rc8 35. Kd3 Rc6 36. Rc4 Rxc4 37. Kxc4 Ke6 38. Kd4 Kd7 39. Rxe5 fxe5+ 40. Kd5 Kc7 41. c4 bxc3 42. bxc3 a4 43. a3 Kd7 44. c4 Kc7 45. c5 dxc5 46. Kxc5 Kd7 47. Kd5 Kc7 48. Kxe5 Kc6 49. Kf6 Kc5 50. e5 Kc4 51. e6 Kb3 52. e7 Kxa3 53. e8=Q Kb3 54. Qb5+ 1-0

[Event "Turkish Club Cup 2019"]
[Site "Konya"]
[Date "2019.07.20"]
[Round "7"]
[White "Caputcuoglu, Zeki Berke"]
[Black "Kargi, Mert"]
[Result "1-0"]
[ECO "A32"]
[WhiteElo "2010"]
[BlackElo "1729"]
[Annotator "NA"]
[PlyCount "73"]
[EventDate "2019.07.16"]
[EventType "team-tourn"]
[EventCountry "TUR"]
[SourceTitle "playchess.com"]
[Source "ChessBase"]
[SourceQuality "1"]
[TimeControl "5400+30"]

1. Nf3 Nf6 2. d4 c5 3. c4 e6 4. g3 cxd4 5. Nxd4 d6 6. Bg2 Be7 7. O-O O-O 8. Nc3 e5 9. Nc2 Nc6 10. b3 Be6 11. Bb2 Rc8 12. Ne3 Qd7 13. Ncd5 Bd8 14. Qd2 Bxd5 15. Nxd5 Nxd5 16. Bxd5 Bb6 17. Bc3 Rfd8 18. e3 Rc7 19. a4 a6 20. a5 Ba7 21. Rfd1 Ne7 22. Qb2 Nxd5 23. Rxd5 Rc5 24. Rad1 Qc7 25. Qd2 Rxd5 26. Qxd5 Bc5 27. b4 Ba7 28. Bxe5 Rc8 29. Bxd6 Qd7 30. Bc5 Qxd5 31. Rxd5 Bxc5 32. Rxc5 Rxc5 33. bxc5 Kf8 34. Kf1 Ke7 35. Ke2 Kd7 36. Kd3 Kc6 37. Kd4 1-0

[Event "Turkish Club Cup 2019"]
[Site "Konya"]
[Date "2019.07.20"]
[Round "7"]
[White "Anil, Ali Fazil"]
[Black "Gundogdu, Mustafa Yalin"]
[Result "1/2-1/2"]
[ECO "B78"]
[WhiteElo "1999"]
[BlackElo "1651"]
[Annotator "NA"]
[PlyCount "92"]
[EventDate "2019.07.16"]
[EventType "team-tourn"]
[EventCountry "TUR"]
[SourceTitle "playchess.com"]
[Source "ChessBase"]
[SourceQuality "1"]
[TimeControl "5400+30"]

1. e4 c5 2. Nf3 d6 3. d4 cxd4 4. Nxd4 Nf6 5. Nc3 g6 6. Be3 Bg7 7. f3 O-O 8. Qd2 Nc6 9. Bc4 Bd7 10. O-O-O Rc8 11. Bb3 Ne5 12. Kb1 Nc4 13. Bxc4 Rxc4 14. g4 b5 15. b3 Rc8 16. Ndxb5 Qa5 17. a4 Rfd8 18. Nd5 Qxd2 19. Rxd2 Nxd5 20. Rxd5 a6 21. Na3 Rc3 22. Rd3 Rb8 23. Rxc3 Bxc3 24. Ka2 f5 25. gxf5 gxf5 26. Rd1 fxe4 27. fxe4 Bc6 28. Bd4 Bb4 29. e5 Be4 30. c3 Bxa3 31. Kxa3 Bc2 32. Rg1+ Kf7 33. b4 Rg8 34. Rf1+ Ke6 35. exd6 exd6 36. b5 axb5 37. axb5 Ra8+ 38. Kb2 Bd3 39. Rf6+ Ke7 40. b6 Rb8 41. Rf3 Bg6 42. Kb3 Bf7+ 43. Kb4 Be8 44. Rg3 Kf8 45. Rg7 Rxb6+ 46. Bxb6 Kxg7 1/2-1/2

[Event "Turkish Club Cup 2019"]
[Site "Konya"]
[Date "2019.07.20"]
[Round "7"]
[White "Kul, Ozdemir Efe"]
[Black "Guner, Bulent"]
[Result "1/2-1/2"]
[ECO "B25"]
[WhiteElo "1974"]
[BlackElo "1979"]
[Annotator "NA"]
[PlyCount "96"]
[EventDate "2019.07.16"]
[EventType "team-tourn"]
[EventCountry "TUR"]
[SourceTitle "playchess.com"]
[Source "ChessBase"]
[SourceQuality "1"]
[TimeControl "5400+30"]

1. Nf3 Nf6 2. g3 g6 3. Bg2 Bg7 4. O-O c5 5. d3 Nc6 6. Nc3 d6 7. h3 O-O 8. e4 e5 9. Ne1 Nh5 10. Nd5 Ne7 11. Nxe7+ Qxe7 12. Be3 Bd7 13. c3 Rac8 14. Kh2 h6 15. Nc2 Kh7 16. a4 b6 17. b4 Be6 18. c4 Qe8 19. Bf3 Nf6 20. bxc5 bxc5 21. Na3 a6 22. Qd2 Rb8 23. Qa5 Qc6 24. Rfb1 Bd7 25. Bd1 Ng8 26. Rxb8 Rxb8 27. Rb1 Rxb1 28. Nxb1 Nf6 29. Nc3 Qc8 30. g4 g5 31. Qb6 Bf8 32. f3 Be7 33. Kg2 Kg7 34. Bd2 Qc6 35. Qb2 Bd8 36. Ne2 Ng8 37. f4 f6 38. fxg5 fxg5 39. Ng3 Ne7 40. Nh5+ Kg8 41. Qb8 Nc8 42. a5 Kf7 43. Bc3 Qc7 44. Qb2 Bf6 45. Qf2 Qd8 46. Bd2 Qh8 47. h4 Ke7 48. Nxf6 Qxf6 1/2-1/2

[Event "Turkish Club Cup 2019"]
[Site "Konya"]
[Date "2019.07.20"]
[Round "7"]
[White "Akcan, Umit"]
[Black "Ipek, Ekin"]
[Result "1-0"]
[ECO "B53"]
[WhiteElo "1960"]
[BlackElo "1706"]
[Annotator "NA"]
[PlyCount "61"]
[EventDate "2019.07.16"]
[EventType "team-tourn"]
[EventCountry "TUR"]
[SourceTitle "playchess.com"]
[Source "ChessBase"]
[SourceQuality "1"]
[TimeControl "5400+30"]

1. e4 c5 2. Nf3 d6 3. Bb5+ Nc6 4. d4 cxd4 5. Qxd4 Bd7 6. Bxc6 Bxc6 7. Nc3 Nf6 8. Bg5 e6 9. O-O-O Be7 10. Rhe1 O-O 11. Kb1 Qa5 12. Qd2 Kh8 13. Nd4 Rac8 14. f3 h6 15. Be3 a6 16. g4 Nh7 17. h4 b5 18. g5 b4 19. gxh6 bxc3 20. hxg7+ Kxg7 21. Rg1+ Kh8 22. Nxc6 Rxc6 23. Qg2 Bf6 24. Bh6 Rb8 25. Bg7+ Kg8 26. Bxf6+ Ng5 27. Qxg5+ Qxg5 28. Rxg5+ Kh7 29. Rdg1 Rxb2+ 30. Kc1 Rc5 31. e5 1-0

[Event "Turkish Club Cup 2019"]
[Site "Konya"]
[Date "2019.07.20"]
[Round "7"]
[White "Yasin, Hur"]
[Black "Atas, Yunus"]
[Result "1-0"]
[ECO "B48"]
[WhiteElo "1953"]
[BlackElo "1876"]
[Annotator "NA"]
[PlyCount "131"]
[EventDate "2019.07.16"]
[EventType "team-tourn"]
[EventCountry "TUR"]
[SourceTitle "playchess.com"]
[Source "ChessBase"]
[SourceQuality "1"]
[TimeControl "5400+30"]

1. e4 c5 2. Nf3 e6 3. d4 cxd4 4. Nxd4 Nc6 5. Nc3 Qc7 6. Be3 Nf6 7. Be2 a6 8. a3 Be7 9. f4 d6 10. Nxc6 bxc6 11. Bf3 Bb7 12. O-O O-O 13. Qe1 d5 14. e5 Nd7 15. Ne2 c5 16. c3 f6 17. exf6 Nxf6 18. b4 Rae8 19. Kh1 cxb4 20. axb4 Bd6 21. Qd2 e5 22. fxe5 Bxe5 23. Bf4 Bxf4 24. Nxf4 Qe5 25. Nd3 Qe3 26. Qxe3 Rxe3 27. Nc5 Bc6 28. c4 Ne4 29. Bxe4 Rxf1+ 30. Rxf1 dxe4 31. Nxa6 Rc3 32. b5 Bd7 33. Nc5 Bc8 34. b6 Rxc4 35. b7 Bxb7 36. Nxb7 e3 37. Kg1 Rc7 38. Nd6 e2 39. Re1 Rd7 40. Ne4 h6 41. Rxe2 Kh7 42. g4 Rd3 43. Kg2 Ra3 44. Ng3 Ra4 45. Kf3 Ra3+ 46. Re3 Ra1 47. h4 Kg6 48. Kf4 Kf7 49. Nf5 Ra4+ 50. Kf3 Kf6 51. Ng3 Ra1 52. Rc3 Ra4 53. Ne4+ Ke5 54. Rc5+ Ke6 55. Rc7 Ra3+ 56. Kf4 g6 57. Rg7 g5+ 58. hxg5 hxg5+ 59. Nxg5+ Kf6 60. Rc7 Ra1 61. Ne4+ Kg6 62. Rc6+ Kg7 63. Kf5 Ra5+ 64. Nc5 Ra1 65. Rc7+ Kg8 66. Ne6 1-0

[Event "Turkish Club Cup 2019"]
[Site "Konya"]
[Date "2019.07.20"]
[Round "7"]
[White "Aydin, Gulenay"]
[Black "Demir, Ugur"]
[Result "1-0"]
[ECO "B00"]
[WhiteElo "1934"]
[BlackElo "1763"]
[Annotator "NA"]
[PlyCount "88"]
[EventDate "2019.07.16"]
[EventType "team-tourn"]
[EventCountry "TUR"]
[SourceTitle "playchess.com"]
[Source "ChessBase"]
[SourceQuality "1"]
[TimeControl "5400+30"]

1. e4 b6 2. d4 Bb7 3. Bd3 Nf6 4. Qe2 e6 5. Nf3 d5 6. e5 Nfd7 7. O-O c5 8. c3 Nc6 9. a3 Be7 10. Nbd2 g5 11. dxc5 Nxc5 12. Bb5 a6 13. Bxc6+ Bxc6 14. Nd4 Bb7 15. Qh5 Qd7 16. N2f3 Ne4 17. Nxg5 Nxg5 18. Bxg5 O-O-O 19. Bxe7 Qxe7 20. Qe2 Rde8 21. Rae1 Kd7 22. f4 f5 23. exf6 Qxf6 24. Qf2 Rhg8 25. Re2 Bc8 26. Qf3 Kc7 27. a4 Rg7 28. a5 bxa5 29. Qe3 Rge7 30. Nb3 e5 31. fxe5 Qb6 32. Nd4 Bg4 33. Ree1 Rxe5 34. Qg3 Qd6 35. Rxe5 Qxe5 36. Qxg4 Qe3+ 37. Kh1 Kb6 38. Qg3 Qe7 39. h3 a4 40. Qf4 a3 41. Qh6+ Kb7 42. bxa3 Qe4 43. Rf7+ Re7 44. Qc6+ Ka7 1-0

[Event "Turkish Club Cup 2019"]
[Site "Konya"]
[Date "2019.07.20"]
[Round "7"]
[White "Kilic, Eray"]
[Black "Ozcan, Alperen"]
[Result "0-1"]
[ECO "C02"]
[WhiteElo "1931"]
[BlackElo "1568"]
[Annotator "NA"]
[PlyCount "112"]
[EventDate "2019.07.16"]
[EventType "team-tourn"]
[EventCountry "TUR"]
[SourceTitle "playchess.com"]
[Source "ChessBase"]
[SourceQuality "1"]
[TimeControl "5400+30"]

1. e4 e6 2. d4 d5 3. e5 c5 4. c3 Nc6 5. Nf3 Qb6 6. a3 Nge7 7. b4 cxd4 8. cxd4 Nf5 9. Bb2 Be7 10. g3 O-O 11. Qd3 Bd7 12. Bg2 Rac8 13. O-O f6 14. g4 fxe5 15. gxf5 e4 16. Qe3 exf3 17. Bh3 exf5 18. Qxf3 Be6 19. Qe3 Nd8 20. Nc3 Rf6 21. f4 Nc6 22. Rad1 Qd8 23. Kh1 Qd7 24. Rg1 Bf7 25. Ne2 Bg6 26. Ng3 Bf8 27. Qf3 Ne7 28. Qd3 Qd6 29. Rgf1 Rc4 30. Rde1 Kh8 31. Re5 Qd7 32. Bg2 Bf7 33. Rfe1 g6 34. Nf1 Rc8 35. b5 Ng8 36. R5e2 Bd6 37. Nd2 Bxf4 38. Nf3 Be6 39. Ne5 Bxe5 40. dxe5 Rff8 41. Rd2 Ne7 42. a4 Kg8 43. Ba3 Rfe8 44. Bd6 Rcd8 45. Rc1 Rc8 46. Rcd1 Rcd8 47. Rc1 Rc8 48. Rcd1 f4 49. h3 Nf5 50. Bxd5 Kh8 51. Bxe6 Qxe6 52. Qf3 Ne3 53. Rg1 Qf5 54. Rd4 g5 55. Qh5 f3 56. Qh6 f2 0-1

[Event "Turkish Club Cup 2019"]
[Site "Konya"]
[Date "2019.07.20"]
[Round "7"]
[White "Sayin, Atakan"]
[Black "Gokcek, Kursat Bugra"]
[Result "0-1"]
[ECO "B12"]
[WhiteElo "1925"]
[BlackElo "2150"]
[Annotator "NA"]
[PlyCount "68"]
[EventDate "2019.07.16"]
[EventType "team-tourn"]
[EventCountry "TUR"]
[SourceTitle "playchess.com"]
[Source "ChessBase"]
[SourceQuality "1"]
[TimeControl "5400+30"]

1. e4 c6 2. d4 d5 3. e5 c5 4. c3 Nc6 5. dxc5 Nxe5 6. Nf3 Nc6 7. b4 a6 8. Be3 Nf6 9. Nbd2 Ng4 10. Bg5 h6 11. Bh4 g5 12. Bg3 Bg7 13. h3 Nge5 14. Nxe5 Nxe5 15. Nb3 O-O 16. Bxe5 Bxe5 17. Nd4 Bg7 18. Be2 e5 19. Nb3 Be6 20. O-O Qd7 21. Qd2 Rad8 22. Rad1 f5 23. Na5 e4 24. Nb3 Be5 25. Nd4 Bf7 26. f3 Bb8 27. fxe4 dxe4 28. Rxf5 Qc7 29. Rxg5+ Kh8 30. Rg4 Qh2+ 31. Kf2 Be6+ 32. Bf3 Rxf3+ 33. Nxf3 Rxd2+ 34. Rxd2 exf3 0-1

[Event "Turkish Club Cup 2019"]
[Site "Konya"]
[Date "2019.07.20"]
[Round "7"]
[White "Akbas, Umut Ata"]
[Black "Unlu, Alp Bugra"]
[Result "1-0"]
[ECO "E61"]
[WhiteElo "1912"]
[BlackElo "1832"]
[Annotator "NA"]
[PlyCount "89"]
[EventDate "2019.07.16"]
[EventType "team-tourn"]
[EventCountry "TUR"]
[SourceTitle "playchess.com"]
[Source "ChessBase"]
[SourceQuality "1"]
[TimeControl "5400+30"]

1. d4 Nf6 2. c4 g6 3. Nc3 Bg7 4. Nf3 O-O 5. Bg5 h6 6. Bh4 d6 7. e3 Nbd7 8. Be2 c6 9. O-O e5 10. Qc2 Qe7 11. Rad1 Nb6 12. c5 exd4 13. cxd6 Qxd6 14. Rxd4 Nfd5 15. Rd2 Qb4 16. a3 Qa5 17. Nxd5 Nxd5 18. Rfd1 Re8 19. Nd4 Nc7 20. Bc4 Ne6 21. Nxe6 Bxe6 22. Bxe6 Rxe6 23. Rd7 Qb6 24. b4 Rae8 25. Qc4 Bf6 26. Bxf6 Rxf6 27. h4 Rf5 28. R1d6 Kg7 29. Qg4 Kf8 30. Rxg6 fxg6 31. Qxg6 Ree5 32. Qg7+ Ke8 33. Rxb7 Qxb7 34. Qxb7 Re6 35. Qxa7 Rd5 36. a4 Rd1+ 37. Kh2 Rd2 38. Qb8+ Kd7 39. Qf4 Red6 40. Qf7+ Kc8 41. a5 Kb8 42. e4 R2d4 43. e5 Rd8 44. e6 Re4 45. a6 1-0

[Event "Turkish Club Cup 2019"]
[Site "Konya"]
[Date "2019.07.20"]
[Round "7"]
[White "Guder, Eyup Sabri"]
[Black "Subasi, Cagrican"]
[Result "1-0"]
[ECO "C14"]
[WhiteElo "1909"]
[BlackElo "1871"]
[Annotator "NA"]
[PlyCount "123"]
[EventDate "2019.07.16"]
[EventType "team-tourn"]
[EventCountry "TUR"]
[SourceTitle "playchess.com"]
[Source "ChessBase"]
[SourceQuality "1"]
[TimeControl "5400+30"]

1. d4 Nf6 2. Bg5 e6 3. e4 Be7 4. Nc3 d5 5. e5 Nfd7 6. h4 a6 7. Qg4 f5 8. Qf4 Nc6 9. O-O-O Nb6 10. Nf3 Bd7 11. g4 h6 12. Bxe7 Qxe7 13. gxf5 exf5 14. Bd3 Rf8 15. e6 Bxe6 16. Rde1 O-O-O 17. Ne5 Qd6 18. Rhg1 Rd7 19. Ng6 Qxf4+ 20. Nxf4 Bg8 21. Ng6 Rf6 22. Re8+ Rd8 23. Ne7+ Nxe7 24. Rxe7 g6 25. Rxg6 Rxg6 26. Bxf5+ Re6 27. Bxe6+ Bxe6 28. Rxe6 Rd6 29. Rxd6 cxd6 30. b3 Kd7 31. Kd2 Ke6 32. Ke3 Nc8 33. Kf4 Ne7 34. Kg4 Kf6 35. Ne2 b5 36. c3 a5 37. a3 Ng6 38. Ng3 Ne7 39. Nh5+ Kf7 40. Nf4 Kg7 41. Ne6+ Kg6 42. h5+ Kf7 43. Nc7 b4 44. cxb4 axb4 45. a4 Nc6 46. Nxd5 Na5 47. Nxb4 Nxb3 48. d5 Na5 49. Nc6 Nc4 50. a5 Ke8 51. a6 Kd7 52. a7 Nb6 53. f4 Kc7 54. f5 Kb7 55. f6 Nxd5 56. f7 Nf6+ 57. Kf5 Nh7 58. Kg6 Nf8+ 59. Kxh6 d5 60. Kg7 Ne6+ 61. Kg8 d4 62. Nxd4 1-0

[Event "Turkish Club Cup 2019"]
[Site "Konya"]
[Date "2019.07.20"]
[Round "7"]
[White "Emir, Emirhan"]
[Black "Saridag, Omer Melih"]
[Result "1/2-1/2"]
[ECO "D30"]
[WhiteElo "1904"]
[BlackElo "1820"]
[Annotator "NA"]
[PlyCount "88"]
[EventDate "2019.07.16"]
[EventType "team-tourn"]
[EventCountry "TUR"]
[SourceTitle "playchess.com"]
[Source "ChessBase"]
[SourceQuality "1"]
[TimeControl "5400+30"]

1. c4 e6 2. Nf3 d5 3. d4 a6 4. cxd5 exd5 5. Bf4 Bd6 6. Bg3 Nf6 7. e3 Qe7 8. Bd3 Nbd7 9. O-O b6 10. Qc2 Bb7 11. Nbd2 O-O 12. Bh4 g6 13. Rfe1 Qe6 14. h3 Ne4 15. Ng5 Nxg5 16. Bxg5 Kg7 17. f4 Bb4 18. f5 Qc6 19. Qxc6 Bxc6 20. Rec1 h6 21. Rxc6 hxg5 22. Nf3 Bd6 23. fxg6 fxg6 24. Nxg5 Rae8 25. e4 Nb8 26. Rc2 Bf4 27. h4 dxe4 28. Nxe4 Re7 29. d5 Rd8 30. Nc3 Rh8 31. Re2 Rxe2 32. Nxe2 Be3+ 33. Kh2 Rxh4+ 34. Kg3 Rh5 35. Kf3 Re5 36. Be4 Bc5 37. Nf4 Bd6 38. Ne6+ Kf6 39. Rc1 Nd7 40. g4 Nc5 41. Nxc5 Bxc5 42. b4 Bd6 43. a3 Re8 44. Rh1 Kg7 1/2-1/2

[Event "Turkish Club Cup 2019"]
[Site "Konya"]
[Date "2019.07.20"]
[Round "7"]
[White "Inan, Canberk"]
[Black "Cakiroglu, Metin"]
[Result "1-0"]
[ECO "B36"]
[WhiteElo "1895"]
[BlackElo "1970"]
[Annotator "NA"]
[PlyCount "95"]
[EventDate "2019.07.16"]
[EventType "team-tourn"]
[EventCountry "TUR"]
[SourceTitle "playchess.com"]
[Source "ChessBase"]
[SourceQuality "1"]
[TimeControl "5400+30"]

1. e4 c5 2. Nf3 g6 3. d4 cxd4 4. Nxd4 Nc6 5. c4 Nf6 6. Nc3 d6 7. Be2 Nxd4 8. Qxd4 Bg7 9. b3 O-O 10. Bb2 Qa5 11. O-O Be6 12. Qd3 Nd7 13. Rab1 Rfc8 14. Nd5 Bxd5 15. exd5 Qxa2 16. Bxg7 Kxg7 17. Bg4 Ne5 18. Qc3 Kg8 19. Ra1 Qxa1 20. Rxa1 Nxg4 21. Qd4 Ne5 22. Rxa7 Rxa7 23. Qxa7 b5 24. Qb7 Rc5 25. Qxe7 bxc4 26. Qxd6 Nd3 27. bxc4 Rxc4 28. h3 h5 29. Qf6 Nf4 30. g3 Rc1+ 31. Kh2 Rd1 32. Qxf4 Rxd5 33. Kg2 Kg7 34. Qc4 Rd6 35. Qc3+ Kg8 36. f4 Rd5 37. Kf3 Rf5 38. g4 hxg4+ 39. hxg4 Rd5 40. Ke4 Rd8 41. f5 gxf5+ 42. gxf5 Rd6 43. Kf4 Kf8 44. Qc5 Ke7 45. Kg5 f6+ 46. Kh6 Kd7 47. Qxd6+ Kxd6 48. Kg7 1-0